 Dungeon Crawl Stone Soup version 0.28.0-53-g5a82cb258f (webtiles) character file.

Game seed: 18006869488173649238

5643 Eitelfritz the Cleaver (level 10, -5/136 HPs)
             Began as a Hill Orc Fighter on May 31, 2022.
             Slain by a yak (6 damage)
             ... on level 9 of the Dungeon.
             The game lasted 00:17:51 (10605 turns).

Eitelfritz the Cleaver (Hill Orc Fighter)          Turns: 10605, Time: 00:17:52

Health: -5/136     AC: 17    Str: 24    XL:     10   Next: 74%
Magic:  10/10      EV:  8    Int:  8    God:
Gold:   458        SH:  5    Dex: 10    Spells: 9/9 levels left

rFire   + . .      SeeInvis .   a - +0 war axe
rCold   + . .      Faith    .   c - +0 buckler
rNeg    . . .      Spirit   .   k - +0 chain mail
rPois   +          Reflect  .   t - +0 helmet
rElec   +          Harm     .   s - +2 cloak
rCorr   +          Rampage  .   (no gloves)
Will    .....                   v - +0 pair of boots
Stlth   ..........              m - amulet of the acrobat
HPRegen 0.32/turn               (no ring)
MPRegen 0.12/turn               (no ring)

@: brilliant, berserking, resistant, hasted, very quick
A: no striking features
a: no special abilities


You were on level 9 of the Dungeon.
You visited 2 branches of the dungeon, and saw 10 of its levels.

You collected 458 gold pieces.

Inventory:

Hand Weapons
 a - a +0 war axe (weapon)
Missiles
 g - 7 javelins (quivered)
 q - 11 poisoned darts
Armour
 b - +0 steam dragon scales
 c - a +0 buckler (worn)
 k - a +0 chain mail (worn)
 s - a +2 cloak (worn)
 t - a +0 helmet (worn)
 v - a +0 pair of boots (worn)
Jewellery
 e - a ring of magical power
 m - an amulet of the acrobat (around neck)
 w - a +4 ring of protection
 z - a +4 ring of evasion
Wands
 j - a wand of mindburst (16)
 p - a wand of iceblast (12)
 y - a wand of paralysis (7)
 A - a wand of flame (10)
Scrolls
 d - a scroll of identify
 f - 9 scrolls of teleportation
 n - a scroll of fog
Potions
 h - 2 potions of lignification
 r - a potion of flight {unknown}
 u - a potion of brilliance
 x - 2 potions of attraction {unknown}


   Skills:
 + Level 9.2 Fighting
 + Level 13.0 Axes
 + Level 2.7 Throwing
 + Level 9.1 Armour
 + Level 2.0 Dodging
 + Level 1.5 Stealth
 + Level 5.6 Shields


You had 9 spell levels left.
You didn't know any spells.
Your spell library contained the following spells:

 Spells                   Type           Power      Damage    Failure   Level
 Shock                    Conj/Air       0%         1d3       97%         1
 Conjure Flame            Conj/Fire      0%         6-21      100%        3
 Dazzling Flash           Conj/Hex       0%         N/A       100%        3
 Gell's Gravitas          Tloc           0%         N/A       100%        3
 Ignite Poison            Fire/Tmut/Pois 0%         N/A       100%        3
 Lesser Beckoning         Tloc           0%         N/A       100%        3
 Swiftness                Air            0%         N/A       100%        3
 Teleport Other           Tloc           0%         N/A       100%        3
 Airstrike                Air            0%         N/A       100%        4
 Sticky Flame             Conj/Fire      0%         2d3       100%        4
 Summon Lightning Spire   Summ/Air       0%         N/A       100%        4
 Agony                    Necr           0%         N/A       100%        5
 Lightning Bolt           Conj/Air       0%         1d11      100%        5
 Silence                  Hex/Air        0%         N/A       100%        5


Dungeon Overview and Level Annotations

Branches:
Dungeon (9/15)             Temple (1/1) D:6
   Lair: D:8-11         Orc: D:9-12

Altars:
Ashenzari
Cheibriados
Dithmenos
Elyvilon
Gozag
Hepliaklqana
Kikubaaqudgha
Makhleb
Nemelex Xobeh
Sif Muna
Trog
Uskayaw
Vehumet
Wu Jian
Xom
Yredelemnul
The Shining One

Shops:
D:3 *   D:7 *


Message History

You block the bullfrog's attack.
It was a potion of brilliance.
You feel clever all of a sudden.
* * * LOW HITPOINT WARNING * * *
You feel sick.
The bullfrog hits you but does no damage.
The bullfrog barely misses you.
It was a potion of haste.
You feel yourself speed up.
You feel yourself speed up.
* * * LOW HITPOINT WARNING * * *
You feel sick.
The bullfrog hits you but does no damage. x2
It was a potion of resistance.
You feel protected.
* * * LOW HITPOINT WARNING * * *
You feel sick.
The bullfrog hits you but does no damage.
It was a potion of berserk rage.
A red film seems to cover your vision as you go berserk!
You feel yourself moving faster!
You feel mighty! The bullfrog closely misses you.
You barely miss the bullfrog.
The bullfrog is moderately wounded.
* * * LOW HITPOINT WARNING * * *
You feel sick.
You are no longer poisoned.
The bullfrog closely misses you.
You slice the bullfrog!!
You kill the bullfrog!
The yak barely misses you.
Items here: $ ( ))) ††.
You barely miss the yak. You slash the yak!
The yak is heavily wounded.
The yak gores you.
* * * LOW HITPOINT WARNING * * *
You hit the yak.
The yak is heavily wounded.
The yak gores you.
You die...

.....### #........+
.....'.###........#
.....#..##........#
.....##.##........#
##'####..'........#
#.# ####........#
#.# #######'## #.#
#.# #.# #@# ..# #Y#
.##


KK. . ..... ....... ......... #.........# ..........# You could see a yak and 2
kobolds.

Vanquished Creatures
  A two-headed ogre (D:9)
  A hornet (D:9)
  Grinder (D:6)
  Prince Ribbit (D:6)
  9 yaks (D:8)
  A wyvern (D:9)
  2 steam dragons
  A vampire mosquito (D:9)
  A water moccasin (D:7)
  An orc warrior (D:7)
  A sky beast (D:8)
  A black bear (D:4)
  A necrophage (D:6)
  2 ice beasts (D:8)
  An ogre (D:7)
  3 centaurs
  A phantom (D:7)
  A kobold brigand (D:9)
  3 bullfrogs
  A gnoll sergeant (D:8)
  A wyvern zombie (D:7)
  4 scorpions
  A wyvern skeleton (D:7)
  6 killer bees
  A centaur zombie (D:9)
  2 hounds
  A jelly (D:5)
  2 orc priests
  Crazy Yiuf (D:4)
  2 iguanas
  A centaur skeleton (D:5)
  6 orc wizards
  A hound skeleton (D:2)
  Robin (D:4)
  3 gnolls (D:8)
  11 adders
  2 shadow imps
  A white imp (D:5)
  An ufetubus (D:4)
  A worm (D:2)
  3 dart slugs
  24 orcs
  3 ball pythons
  3 endoplasms
  A giant cockroach (D:1)
  15 goblins
  9 hobgoblins
  5 jackals
  6 quokkas
  4 bats
  A frilled lizard (D:2)
  10 kobolds
  5 rats
172 creatures vanquished.

Vanquished Creatures (others)
  A dart slug (D:2)
  An orc (D:8)
  42 fungi (D:9)
  53 plants (D:9)
97 creatures vanquished.

Grand Total: 269 creatures vanquished

Notes
Turn   | Place    | Note
-------+----------+-------------------------------------------
     0 | D:1      | Eitelfritz the Hill Orc Fighter began the quest for the
                  | Orb.
     0 | D:1      | Reached XP level 1. HP: 19/19 MP: 1/1
   172 | D:1      | Reached XP level 2. HP: 20/27 MP: 2/2
   401 | D:1      | Reached skill level 3 in Axes
   773 | D:1      | Reached XP level 3. HP: 33/33 MP: 3/3
  1054 | D:2      | Reached skill level 4 in Axes
  1054 | D:2      | Reached XP level 4. HP: 17/40 MP: 4/4
  1285 | D:2      | Found a faded altar of an unknown god.
  1667 | D:3      | Found Paewk's Assorted Antiques.
  2202 | D:3      | Reached XP level 5. HP: 35/46 MP: 5/5
  2465 | D:3      | Found a radiant altar of Vehumet.
  2510 | D:3      | Found an opulent altar of Gozag.
  2510 | D:3      | Found a snail-covered altar of Cheibriados.
  2511 | D:3      | Found a shimmering blue altar of Sif Muna.
  2835 | D:4      | Noticed a black bear
  2847 | D:4      | Killed a black bear
  2848 | D:4      | Reached skill level 5 in Axes
  2848 | D:4      | Reached XP level 6. HP: 31/53 MP: 6/6
  3015 | D:4      | Reached skill level 5 in Armour
  3760 | D:4      | Noticed Robin
  3802 | D:4      | Killed Robin
  3803 | D:4      | Reached skill level 6 in Axes
  4420 | D:4      | Found a hazy altar of Hepliaklqana.
  4559 | D:4      | Found a runed translucent door.
  4560 | D:4      | Noticed Crazy Yiuf
  4670 | D:4      | Killed Crazy Yiuf
  4671 | D:4      | Reached XP level 7. HP: 43/60 MP: 7/7
  4812 | D:5      | Entered Level 5 of the Dungeon
  4950 | D:5      | Reached skill level 7 in Axes
  4996 | D:5      | Found a hide-covered altar of Uskayaw.
  5158 | D:5      | Reached skill level 1 in Throwing
  5231 | D:5      | Reached skill level 5 in Fighting
  5660 | D:6      | Noticed Prince Ribbit
  5691 | D:6      | Killed Prince Ribbit
  5692 | D:6      | Reached skill level 1 in Stealth
  5710 | D:6      | Found a staircase to the Ecumenical Temple.
  5720 | D:6      | Reached XP level 8. HP: 15/70 MP: 8/8
  5724 | D:6      | Reached skill level 8 in Axes
  6100 | D:6      | Noticed Grinder
  6112 | D:6      | Paralysed by Grinder for 5 turns
  6119 | D:6      | Killed Grinder
  6120 | D:6      | Reached skill level 1 in Dodging
  6982 | Temple   | Entered the Ecumenical Temple
  7329 | D:7      | Found Xaim's Lightly-Used Armoury.
  7344 | D:7      | Reached skill level 9 in Axes
  7588 | D:7      | Reached XP level 9. HP: 78/78 MP: 9/9
  7838 | D:7      | Found a glowing golden altar of the Shining One.
  7893 | D:7      | Reached skill level 10 in Axes
  8098 | D:8      | Reached skill level 5 in Shields
  8359 | D:8      | Reached skill level 11 in Axes
  8827 | D:8      | Found an ornate altar of the Wu Jian Council.
  8929 | D:8      | Reached XP level 10. HP: 90/90 MP: 10/10
  9287 | D:8      | Reached skill level 12 in Axes
  9780 | D:9      | Noticed a two-headed ogre
  9790 | D:9      | Killed a two-headed ogre
 10589 | D:9      | Paralysed by a hornet for 3 turns
 10593 | D:9      | Reached skill level 13 in Axes
 10595 | D:9      | HP: 4/91 [bullfrog (3)]
 10598 | D:9      | HP: 1/91 [poisoned by a hornet]
 10604 | D:9      | HP: 1/136 [yak (1)]
 10605 | D:9      | Slain by a yak

Illustrated notes

Levels and vault maps discovered:
D:1:      eino_arrival_druids_welcome, layout_loops_ring, minmay_heptomino_o4
D:2:      layout_rooms, basic_ecumenical_altar, grunt_ministairs_2,
          lemuel_old_faithful
D:3:      layout_loops_ring, lemuel_doored_altar,
          gammafunk_temple_overflow_claw, serial_shops, shop_statue, minivault_4
D:4:      layout_layer_cave, general_overflow_altar, uniq_robin,
          uniq_crazy_yiuf_cottage
D:5:      layout_basic, nicolae_uskayaw_suspiria
D:6:      layout_gridville, minmay_temple_entry_glass, serial_bayou_crossing,
          uniq_prince_ribbit1, uniq_grinder
D:7:      layout_rooms, tso_oasis_becter, minmay_shop_damaged
D:8:      layout_cave_pods, nicolae_overflow_crystal_walls, serial_rivers,
          chequers_serial_rivers_micro_b, chequers_serial_rivers_micro_e,
          chequers_serial_rivers_marsh, chequers_serial_rivers_small_b,
          chequers_serial_rivers_micro_c
D:9:      layout_roguey, kennysheep_okawaru_gauntlet,
          due_lair_maze_entry_diamond, serial_shops, nicolae_stop_n_shop_1,
          kennysheep_generic_room_6
Temple:   compressed_dpeg_triangle_lava_temple

Skill      XL: |  1  2  3  4  5  6  7  8  9 10 |
---------------+-------------------------------+-----
Axes           | 3 4 5 6 7 9 11 13 | 13.0
Fighting       | 4 5 6 8 9 |  9.2
Armour         | 4 5 6 8 9 |  9.1
Shields        | 4 5 |  5.6
Throwing       | 1 2 |  2.7
Stealth        | 1 |  1.5
Dodging        | 1 2 |  2.0

Action                   |  1- 3 |  4- 6 |  7- 9 | 10-12 || total
-------------------------+-------+-------+-------+-------++-------
Melee: War axe           |    66 |   181 |   239 |   127 ||   613
Throw: Dart              |       |     4 |     9 |       ||    13
       Javelin           |       |    10 |    22 |     3 ||    35
  Use: Scroll            |       |     8 |     4 |       ||    12
       Potion            |       |       |     2 |     4 ||     6
Armor: Scale mail        |    39 |   102 |    55 |       ||   196
       Chain mail        |       |       |    60 |    84 ||   144
Dodge: Dodged            |    24 |    82 |   101 |    56 ||   263
Block: Buckler           |    18 |    45 |    48 |    33 ||   144
